Map: Ephemeron LE

Players

Eleven - Winner!

  • Race: Zerg Zerg
  • League: Diamond
  • Spawn Location: 11:00

A.I. 1 (Elite)

  • Race: Zerg Zerg
  • Spawn Location: 5:00

VOD

Have the link to the VOD?

Description

Time

  • Played on: Dec. 4, 2019, 11:40 p.m.
  • Length: 9:17
Show
View Real Time Build Order
Export as new Build Order

Eleven Zerg - Winner!

Build Orders: Hatch First 

Get SALT Encoding   

  12  0:01  Drone  
  13  0:12  Overlord  
  13  0:17  Drone  
  14  0:33  Drone x2  
  16  0:51  Hatchery  
  16  0:53  Drone  
  16  0:57  Drone  
  16  1:01  Drone  
  18  1:10  Extractor  
  17  1:18  Spawning Pool  
  17  1:20  Drone  
  17  1:25  Drone  
  18  1:29  Drone  
  19  1:40  Overlord  
  19  1:51  Drone  
  20  2:01  Drone  
  20  2:06  Drone  
  20  2:07  Queen x2  
  26  2:15  Drone x2  
  28  2:22  Drone  
  29  2:28  Zergling x2  
  30  2:34  Zergling x2  
  31  2:38  Drone  
  32  2:45  Lair  
  32  2:46  Queen  
  32  2:48  Evolution Chamber  
  33  2:54  Overlord  
  33  2:55  Drone x2  
  35  3:02  Roach Warren  
  34  3:06  Drone x2  
  36  3:14  Zerg Missile Weapons Level 1  
  36  3:15  Drone  
  36  3:16  Drone  
  36  3:17  Drone x2  
  40  3:20  Drone  
  40  3:23  Drone  
  42  3:28  Drone x2  
  42  3:30  Overlord  
  44  3:36  Overlord  
  44  3:39  Extractor  
  44  3:40  Extractor  
  42  3:42  Drone x2  
  42  3:44  Glial Reconstitution  
  43  3:54  Roach x2  
  47  3:59  Drone x2  
  49  4:04  Drone x3  
  49  4:08  Roach x2  
  56  4:12  Roach  
  56  4:15  Overlord  
  58  4:20  Roach  
  58  4:21  Overlord  
  60  4:26  Overlord  
  60  4:35  Roach x4  
  60  4:37  Overlord  
  68  4:41  Roach x2  
  72  4:50  Roach x2  
  76  5:00  Roach x2  
  76  5:05  Roach x4  
  76  5:06  Roach  
  90  5:10  Roach  
  92  5:28  Overlord x3  
  92  5:34  Hatchery  
  92  5:35  Zerg Missile Weapons Level 2  
  91  5:38  Evolution Chamber  
  91  5:40  Drone x2  
  91  5:41  Hydralisk Den  
  91  5:44  Drone  
  91  5:45  Extractor  
  91  5:46  Drone  
  91  5:48  Drone  
  91  5:49  Drone  
  94  5:59  Roach x3  
  94  6:00  Roach  
  100  6:09  Roach  
  97  6:14  Zerg Ground Armor Level 1  
  97  6:20  Drone x8  
  105  6:33  Drone  
  105  6:34  Drone  
  107  6:45  Drone  
  107  6:46  Drone x6  
  114  6:49  Extractor  
  114  6:50  Extractor  
  112  6:54  Drone x2  
  112  7:01  Hatchery  
  111  7:02  Infestation Pit, Drone x2  
  111  7:03  Drone  
  107  7:21  Drone x4  
  107  7:36  Muscular Augments  
  107  7:38  Hatchery  
  107  7:40  Drone  
  107  7:42  Drone  
  108  7:45  Hydralisk  
  108  7:46  Hydralisk x6  
  108  7:48  Overlord x5  
  122  7:53  Hive  
  122  8:09  Hydralisk x2  
  122  8:10  Roach x3  
  130  8:13  Queen  
  132  8:20  Hatchery  
  131  8:28  Hydralisk x3  
  131  8:29  Hydralisk, Roach x4  
  147  8:41  Extractor  
  146  8:42  Spire  
  146  8:46  Drone  
  146  8:47  Drone x5  
  151  8:49  Drone x2  
  153  8:56  Drone x5  
  153  8:57  Drone  
  153  8:58  Drone  
  153  8:59  Drone  
  161  9:04  Drone x4  
  161  9:08  Extractor  
Show
View Real Time Build Order
Export as new Build Order

A.I. 1 (Elite) Zerg 

Build Orders: Hatch First 

Get SALT Encoding   

  12  0:00  Drone  
  13  0:12  Overlord  
  13  0:16  Drone  
  14  0:30  Drone x2  
  14  0:34  Drone  
  17  0:53  Hatchery  
  17  0:56  Drone  
  17  1:12  Spawning Pool  
  17  1:13  Extractor  
  17  1:15  Drone  
  16  1:19  Drone  
  16  1:23  Drone  
  18  1:27  Drone  
  19  1:38  Overlord  
  19  1:49  Drone  
  20  1:59  Zergling x2, Queen  
  23  2:05  Drone  
  24  2:13  Queen  
  26  2:18  Drone  
  27  2:32  Roach Warren  
  27  2:33  Extractor  
  27  2:35  Drone  
  26  2:39  Drone  
  27  2:45  Overlord  
  27  2:49  Drone  
  28  2:52  Drone  
  28  2:55  Drone  
  30  2:58  Drone  
  30  3:02  Drone  
  30  3:05  Zergling x2  
  33  3:09  Zergling x2  
  34  3:13  Roach  
  34  3:18  Roach  
  38  3:21  Roach  
  38  3:25  Roach  
  42  3:27  Drone  
  42  3:29  Drone  
  44  3:35  Overlord  
  44  3:41  Lair  
  44  3:46  Metabolic Boost  
  44  3:51  Overlord  
  44  3:53  Drone  
  45  3:56  Drone  
  45  3:57  Drone  
  45  4:00  Zergling x2  
  45  4:02  Zergling x2  
  49  4:05  Zergling x2  
  50  4:11  Evolution Chamber  
  50  4:12  Drone  
  50  4:16  Evolution Chamber  
  50  4:17  Drone  
  50  4:19  Drone  
  50  4:21  Drone  
  50  4:23  Drone  
  53  4:26  Drone  
  54  4:38  Zerg Missile Weapons Level 1  
  54  4:42  Zerg Ground Armor Level 1, Drone, Hydralisk Den  
  54  4:45  Overlord  
  54  4:49  Roach  
  54  4:51  Roach  
  58  5:03  Overlord, Drone x2  
  58  5:05  Extractor, Drone  
  58  5:06  Drone  
  61  5:08  Drone  
  61  5:10  Drone  
  61  5:12  Hydralisk, Drone  
  66  5:15  Hydralisk  
  68  5:21  Drone  
  68  5:24  Infestation Pit  
  68  5:28  Overlord  
  68  5:30  Drone  
  68  5:31  Drone  
  68  5:33  Drone  
  68  5:34  Drone  
  72  5:36  Drone  
  72  5:38  Drone  
  74  5:46  Roach x2, Drone  
  74  5:47  Overlord  
  79  5:50  Roach  
  81  6:00  Infestor  
  81  6:02  Roach, Extractor  
  81  6:03  Drone  
  81  6:04  Infestor  
  81  6:06  Zergling x4  
  81  6:07  Roach  
  75  6:11  Roach  
  75  6:16  Roach  
  75  6:18  Roach  
  67  6:20  Drone  
  67  6:21  Drone  
  67  6:23  Roach  
  67  6:28  Zergling x2  
  67  6:30  Drone x3  
  68  6:46  Roach  
  60  6:51  Roach  
  48  6:55  Queen  
  41  7:02  Zergling x2, Roach  
  41  7:03  Zergling x2  
  41  7:04  Roach  
Tags
 
League
Diamond
Matchup
ZvZ
Race
Zerg
Spawn Locations
Cross Positions
Add a new tag
Caveats
  • Supply blocks, unpowered buildings, or Contaminate may cause inaccurate times.
  • Supply counts are checked every 10 seconds.